 Dungeon Crawl Stone Soup version 0.21.1-1-g345015fe64 (webtiles) character file.

72 Redear the Ruffian (level 4, -1/31 HPs)
             Began as an Octopode Fighter on Mar 8, 2018.
             Slain by an ogre
             ... wielding a +0 giant club
              (32 damage)
             ... on level 2 of the Dungeon.
             The game lasted 00:12:03 (1950 turns).

Redear the Ruffian (Octopode Fighter)               Turns: 1950, Time: 00:12:04

Health: -1/31      AC:  1    Str: 16    XL:     4   Next: 26%
Magic:  4/4        EV: 12    Int: 10    God:
Gold:   95         SH:  9    Dex: 13    Spells: 3/3 levels left

rFire    . . .     SeeInvis .     - Unarmed
rCold    . . .     Gourm    .   a - +0 shield
rNeg     . . .     Faith    .   (helmet restricted)
rPois    .         Spirit   .   (no amulet)
rElec    .         Reflect  .   k - +2 ring of dexterity
rCorr    .         Harm     .   (no ring)
MR       .....                  (no ring)
Stlth    ++........             (no ring)
HPRegen  0.10/turn              (no ring)
MPRegen  0.09/turn              (no ring)
                                (no ring)
                                (no ring)

@: no status effects
A: almost no armour, stealthy swim, amphibious, 8 rings, constrict 8, camouflage
1, gelatinous body 1
a: no special abilities


You were on level 2 of the Dungeon.
You were not hungry.

You visited 1 branch of the dungeon, and saw 2 of its levels.

You collected 95 gold pieces.

Inventory:

Armour
 a - a +0 shield (worn)
 d - a cursed +0 shield
 e - +0 acid dragon scales
Jewellery
 k - a +2 ring of dexterity (left tentacle)
 o - an uncursed amulet of faith
Scrolls
 f - a scroll of fog {unknown}
 g - 3 scrolls of remove curse {unknown}
 j - a scroll of identify {unknown}
 l - a scroll of fear {unknown}
 m - a scroll of blinking {unknown}
 q - a scroll of teleportation {unknown}
Potions
 b - a potion of might
 h - a potion of flight {unknown}
 i - 3 potions of curing {unknown}
 n - a potion of berserk rage {unknown}
Comestibles
 c - 6 rations
 p - a chunk of flesh


   Skills:
 - Level 3.3 Fighting
 - Level 3.1 Dodging
 - Level 3.1 Shields
 + Level 3.9 Unarmed Combat


You had 3 spell levels left.
You didn't know any spells.

Dungeon Overview and Level Annotations

Branches:
Dungeon (2/15)

Altars:
Kikubaaqudgha
Xom


Innate Abilities, Weirdness & Mutations

You cannot wear most types of armour.
You are very stealthy in the water. (Stealth+)
You are amphibious.
You can wear up to eight rings at the same time.
You can use your tentacles to constrict eight enemies at once.
Your skin changes colour to match your surroundings (Stealth+).
Your rubbery body absorbs attacks. (AC +1, EV +1)


Message History

Press: ? - help, v - describe, . - travel The floor.
You feel agile.
k - a +2 ring of dexterity (left tentacle)
You feel a strange surge of divine interest.
o - an amulet of faith (around mantle)
You remove your amulet of faith.
Sorry, you're not good enough to have a special ability.
You closely miss the ogre. You block the ogre's attack.
You tentacle-slap the ogre.
The ogre is lightly wounded.
You block the ogre's attack.
You tentacle-slap the ogre but do no damage.
The ogre is lightly wounded.
The ogre closely misses you.
You tentacle-slap the ogre.
The ogre is lightly wounded.
The ogre hits you with a giant club!!
Ouch! That really hurt!
You die...

#......................
#.........#............
#.)....#..#...........(
#.######..####'#######'
#.######..###.).## ##..
#......<#.##.....###...
######....#.......#....
#.##.#.......#....
#@##.#.......#....
#O##.##....[###...
#.##..##...## ##..
#.###..########### #.#
##.......#.... #.#
#######...... #.#
####.## #.# #.# #.##


You could see an ogre.

Vanquished Creatures
  4 adders (D:2)
  A dart slug (D:1)
  3 leopard geckos
  A giant cockroach (D:2)
  5 goblins
  A hobgoblin (D:1)
  7 kobolds
  A quokka (D:2)
  2 ball pythons (D:1)
  4 bats
  6 frilled lizards
  2 rats (D:2)
37 creatures vanquished.

Notes
Turn   | Place    | Note
-------+----------+-------------------------------------------
     0 | D:1      | Redear the Octopode Fighter began the quest for the Orb.
     0 | D:1      | Reached XP level 1. HP: 16/16 MP: 1/1
   280 | D:1      | Reached XP level 2. HP: 21/21 MP: 2/2
   934 | D:2      | Found an ancient bone altar of Kikubaaqudgha.
   974 | D:2      | Reached XP level 3. HP: 21/26 MP: 3/3
  1396 | D:2      | Found a shimmering altar of Xom.
  1520 | D:2      | Noticed an ogre
  1633 | D:2      | Reached XP level 4. HP: 31/31 MP: 4/4
  1950 | D:2      | Slain by an ogre

Skill      XL: |  1  2  3 |
---------------+----------+-----
Unarmed Combat | 3 |  3.9
Fighting       | |  3.3
Dodging        | |  3.1
Shields        | |  3.1

Action                   |  1- 3 |  4- 6 || total
-------------------------+-------+-------++-------
Melee: Unarmed           |    54 |    19 ||    73
       Tentacles         |     7 |     2 ||     9
       Constrict         |    15 |     4 ||    19
       Punch             |     1 |       ||     1
 Stab: Sleeping          |     6 |     1 ||     7
  Eat: Chunk             |     2 |     1 ||     3
Armor: Skin              |     7 |       ||     7
Dodge: Dodged            |    22 |     7 ||    29
Block: Shield            |    23 |    10 ||    33
